 Dungeon Crawl Stone Soup version 0.31-a0-536-ga3e2962e35 (webtiles) character file.

Game seed: 6331112443313742656

6367 AIAndy the Shield-Bearer (level 10, -12/69 HPs)
             Began as a Gnoll Wanderer on Aug 13, 2023.
             Was an Elder of Hepliaklqana.
             Killed from afar by Fannar (52 damage)
             ... with a bolt of cold
             ... on level 10 of the Dungeon.
             The game lasted 00:32:53 (7200 turns).

AIAndy the Shield-Bearer (Gnoll Wanderer)           Turns: 7200, Time: 00:32:53

Health: -12/69     AC: 12    Str: 10    XL:     10   Next: 97%
Magic:  19/19      EV: 14    Int: 13    God:    Hepliaklqana [****..]
Gold:   630        SH:  0    Dex: 18    Spells: 20/22 levels left

rFire   + . .        d - +3 arbalest (heavy)
rCold   x . .        (shield currently unavailable)
rNeg    + + +        q - +5 leather armour "Umeekaets" {rC- rN+++ Dex+2 Stlth+}
rPois   .            y - +0 helmet
rElec   .            f - +0 cloak
rCorr   .            K - +0 pair of gloves
SInv    .            (no boots)
Will    +....        k - amulet of magic regeneration
Stlth   ++++         F - ring of protection from fire
HPRegen 0.31/turn    J - ring of willpower
MPRegen 0.56/turn

%: no passive effects
@: no status effects
A: reduced essence, fangs 1, strong nose, distributed training
a: Renounce Religion, Recall Ancestor, Ancestor Identity, Transference, Idealise


You were on level 10 of the Dungeon.
You worshipped Hepliaklqana.
Hepliaklqana was greatly pleased with you.
You visited 1 branch of the dungeon, and saw 10 of its levels.

You collected 630 gold pieces.


Innate Abilities, Weirdness & Mutations

Your life essence is reduced to manifest your ancestor. (-10% HP)
You have very sharp teeth.
Your uncanny sense of smell can sniff out nearby items.
Your experience applies equally to all skills.


   Skills:
 + Level 6.5 Fighting
 + Level 5.9 Short Blades
 + Level 5.9 Long Blades
 + Level 5.9 Axes
 + Level 5.9 Maces & Flails
 + Level 5.9 Polearms
 + Level 5.9 Staves
 + Level 5.9 Ranged Weapons
 + Level 5.9 Throwing
 + Level 5.9 Armour
 + Level 5.9 Dodging
 + Level 6.4 Stealth
 + Level 7.5 Shields
 + Level 5.9 Unarmed Combat
 + Level 6.6 Spellcasting
 + Level 4.8 Conjurations
 + Level 4.8 Hexes
 + Level 4.8 Summonings
 + Level 4.8 Necromancy
 + Level 7.4 Translocations
 + Level 4.8 Transmutations
 + Level 4.8 Fire Magic
 + Level 4.8 Ice Magic
 + Level 4.8 Air Magic
 + Level 4.8 Earth Magic
 + Level 5.3 Poison Magic
 + Level 6.4 Invocations
 + Level 6.5 Evocations
 + Level 4.8 Shapeshifting


You had 20 spell levels left.
You knew the following spells:

 Your Spells              Type           Power      Damage    Failure   Level
I - Blink                 Tloc           46%        N/A       1%          2

Your spell library contained the following spells:

 Spells                   Type           Power      Damage    Failure   Level
 Apportation              Tloc           46%        N/A       1%          1
 Necrotise                Necr           64%        1d7       2%          1
 Sting                    Tmut/Pois      68%        1d6       2%          1
 Summon Small Mammal      Summ           64%        N/A       2%          1
 Static Discharge         Conj/Air       32%        2-4/arc   4%          2
 Ignite Poison            Fire/Tmut/Pois 17%        N/A       8%          3
 Passage of Golubria      Tloc           23%        N/A       10%         4
 Airstrike                Air            8%         2d(2-18)  26%         4
 Animate Armour           Summ/Erth      32%        N/A       26%         4
 Summon Lightning Spire   Summ/Air       16%        N/A       26%         4
 Lee's Rapid Deconstruct  Erth           8%         3d7*      58%         5
 Malign Gateway           Summ/Tloc      10%        N/A       100%        7
 Summon Horrible Things   Summ           8%         N/A       100%        8

Inventory:

Hand Weapons
 a - a +1 war axe of freezing
 d - a +3 heavy arbalest (weapon)
 j - a +1 orcbow of draining
 p - a +3 spear of freezing
Missiles
 g - 19 poisoned darts
 i - 16 boomerangs
Armour
 f - a +0 cloak (worn)
 q - the +5 leather armour "Umeekaets" (worn) {rC- rN+++ Dex+2 Stlth+}
   (You found it on level 2 of the Dungeon)

   Dex+2:     It affects your dexterity (+2).
   rC-:       It makes you vulnerable to cold.
   rN+++:     It renders you almost immune to negative energy.
   Stlth+:    It makes you more stealthy.
 y - a +0 helmet (worn)
 K - a +0 pair of gloves (worn)
Magical Staves
 B - the staff "Tagehoym" {Will+ Conj}
   (You found it on level 5 of the Dungeon)

   [staff of conjuration]

   Base accuracy: +5 Base damage: 5 Base attack delay: 1.2 This weapon's minimum
   attack delay (0.6) is reached at skill level 12.
   Will+:     It increases your willpower.
   Conj:      It increases the power of your Conjurations spells.
   It falls into the 'Staves' category.
   It is a one-handed weapon.
Jewellery
 k - an amulet of magic regeneration (around neck)
 C - a ring of ice
 F - a ring of protection from fire (left hand)
 J - a ring of willpower (right hand)
 L - a ring of flight
 N - a ring of positive energy
Wands
 r - a wand of charming (19)
 x - a wand of iceblast (14)
 I - a wand of flame (27)
Scrolls
 c - a scroll of revelation
 m - a scroll of fear {unknown}
 n - a scroll of fog
 o - 3 scrolls of poison {!r}
 v - a scroll of vulnerability {!r}
 w - a scroll of enchant weapon
 E - a scroll of blinking {unknown}
 G - a scroll of immolation {!r}
 H - 2 scrolls of teleportation {@r4}
Potions
 b - a potion of lignification {!q}
 e - 2 potions of haste {@q3}
 h - 3 potions of curing {@q1}
 l - a potion of magic {unknown}
 s - 3 potions of brilliance
 t - 2 potions of mutation {!q}
 u - a potion of heal wounds {@q2}
 z - 3 potions of attraction {!q}
 A - 3 potions of might
 D - a potion of berserk rage {!q}

Dungeon Overview and Level Annotations

Branches:
Dungeon (10/15)            Temple (0/1) D:4            Lair (0/5) D:8
    Orc: D:9-12

Altars:
Gozag
Hepliaklqana
Qazlal
Xom

Shops:
D:5 :   D:7 *

Annotations:
D:9 3 runed translucent doors, Kiciri's ghost, novice OpCj
D:10 Fannar

.#######... ....#
..........# >..#
#....# #.# ...#
#..<.# #.# ..# #.
#.##.###.## ..#
.. # #......###
#.# .##.
#####....###.#
e....
#.##...#.#R.....
...####..@'......
##### ###.#......
#...####. ###.#
... .##
..######## ..
........<# .#
.#########


You could see the friendly Leofric the battlemage and Fannar (ally target).


Message History

Okay, then.
Partly explored, can't reach some places.
There is a stone staircase leading up here.
You climb upwards.
Level annotation: 3 runed translucent doors, Kiciri's ghost, novice OpCj
There is a stone staircase leading down here.
There is a stone staircase leading down here.
You climb downwards.
There is a stone staircase leading up here.
Found an escape hatch in the floor.
You open the door.
Fannar the Cold-Hearted comes into view.
They are wielding a +0 quarterstaff of freezing and wearing a +1 robe of cold resistance.
You shoot a bolt. The bolt hits Fannar!
Fannar is lightly wounded.
Fannar casts a spell.
Fannar drains the heat from the surrounding environment!
You feel a terrible chill!
Leofric resists.
Fannar hits Leofric with a +0 quarterstaff of freezing!
Fannar freezes Leofric.
You shoot a bolt. Leofric avoids your attack.
The bolt hits Fannar!
Fannar is moderately wounded.
Leofric points at Fannar and mumbles some strange words.
The stone arrow hits Fannar!
Fannar barely misses Leofric.
Leofric hits Fannar with a +0 quarterstaff.
Fannar points at you and mumbles some strange words.
The bolt of cold misses Leofric.
The bolt of cold hits you!!!
You feel a terrible chill!
Ouch! That really hurt!
You die...

Skill      XL: |  1  2  3  4  5  6  7  8  9 10 |
---------------+-------------------------------+-----
Poison Magic   | 2 3 4 5 |  5.3
Fighting       | 3 4 5 6 |  6.5
Short Blades   | 1 2 3 5 |  5.9
Long Blades    | 1 2 3 5 |  5.9
Axes           | 1 2 3 5 |  5.9
Maces & Flails | 1 2 3 5 |  5.9
Polearms       | 1 2 3 5 |  5.9
Staves         | 1 2 3 5 |  5.9
Ranged Weapons | 1 2 3 5 |  5.9
Throwing       | 1 2 3 5 |  5.9
Armour         | 1 2 3 5 |  5.9
Dodging        | 1 2 3 5 |  5.9
Unarmed Combat | 1 2 3 5 |  5.9
Spellcasting   | 3 4 5 6 |  6.6
Conjurations   | 1 2 3 4 |  4.8
Hexes          | 1 2 3 4 |  4.8
Summonings     | 1 2 3 4 |  4.8
Necromancy     | 1 2 3 4 |  4.8
Transmutations | 1 2 3 4 |  4.8
Fire Magic     | 1 2 3 4 |  4.8
Ice Magic      | 1 2 3 4 |  4.8
Air Magic      | 1 2 3 4 |  4.8
Earth Magic    | 1 2 3 4 |  4.8
Invocations    | 1 2 3 4 5 6 |  6.4
Evocations     | 3 4 5 6 |  6.5
Shapeshifting  | 1 2 3 4 |  4.8
Stealth        | 3 4 5 6 |  6.4
Shields        | 5 6 7 |  7.5
Translocations | 6 7 |  7.4

Action                     |  1- 3 |  4- 6 |  7- 9 | 10-12 || total
---------------------------+-------+-------+-------+-------++-------
  Melee: Dagger            |   108 |       |       |       ||   108
         Bite              |     6 |       |       |       ||     6
   Fire: Orcbow            |    40 |   139 |   200 |   119 ||   498
         Arbalest          |       |       |       |     2 ||     2
 Invoke: Ancestor Life: Ba |       |       |     1 |       ||     1
  Evoke: Wand              |       |       |     3 |       ||     3
    Use: Scroll            |       |       |     5 |    12 ||    17
 Armour: Robe              |    31 |       |       |       ||    31
         Leather armour    |     7 |    29 |    46 |     8 ||    90
  Dodge: Dodged            |    71 |    40 |    46 |    34 ||   191
  Block: Buckler           |    25 |       |       |       ||    25

Levels and vault maps discovered:
D:1:      minmay_arrival_shattered_statue, layout_rooms
D:2:      layout_basic, minmay_pentomino_u2, uniq_jessica, uniq_sigmund
D:3:      layout_rooms, mainiacjoe_overflow_surrounded_room,
          hellmonk_ecumenical_altar_watching_god
D:4:      layout_loops_ring, minmay_temple_entry_butterflies,
          kennysheep_generic_room_12
D:5:      layout_loops_ring, grunt_qazlal_clouds, nicolae_shop_i_like_big_books,
          uniq_edmund
D:6:      layout_gridville
D:7:      layout_basic, minmay_misc_feat_secret_circle,
          nicolae_shop_overcharged_wands
D:8:      layout_rooms, xom_redecorated, erik_lair_dragon, uniq_erica
D:9:      layout_cave_pools, ebering_ghost_gozag, sword_in_stone
D:10:     layout_basic, chequers_temple_overflow_statue_of_worship,
          david_orc_1_choice, uniq_fannar, uniq_maurice

Notes
Turn   | Place    | Note
-------+----------+-------------------------------------------
     0 | D:1      | AIAndy the Gnoll Wanderer began the quest for the Orb.
     0 | D:1      | AIAndy set off with the following items: a +0 dagger, a
                  | potion of lignification {!q}, a +0 robe, a +0 buckler; and
                  | the following spells available to memorise: Apportation,
                  | Blink, Sting, Passage of Golubria, Ignite Poison.
     0 | D:1      | Reached XP level 1. HP: 17/17 MP: 4/4
    86 | D:1      | Reached skill level 2 in Poison Magic
   105 | D:1      | Reached XP level 2. HP: 4/23 MP: 5/5
   379 | D:1      | Learned a level 2 spell: Blink
   748 | D:2      | Noticed Sigmund
   750 | D:2      | Reached XP level 3. HP: 28/28 MP: 7/7
   767 | D:2      | Killed Sigmund
   768 | D:2      | Reached skill level 3 in Fighting
   768 | D:2      | Reached skill level 1 in Short Blades
   768 | D:2      | Reached skill level 1 in Long Blades
   768 | D:2      | Reached skill level 1 in Axes
   768 | D:2      | Reached skill level 1 in Maces & Flails
   768 | D:2      | Reached skill level 1 in Polearms
   768 | D:2      | Reached skill level 1 in Staves
   768 | D:2      | Reached skill level 1 in Ranged Weapons
   768 | D:2      | Reached skill level 1 in Throwing
   768 | D:2      | Reached skill level 1 in Armour
   768 | D:2      | Reached skill level 1 in Dodging
   768 | D:2      | Reached skill level 1 in Unarmed Combat
   768 | D:2      | Reached skill level 3 in Spellcasting
   768 | D:2      | Reached skill level 1 in Conjurations
   768 | D:2      | Reached skill level 1 in Hexes
   768 | D:2      | Reached skill level 1 in Summonings
   768 | D:2      | Reached skill level 1 in Necromancy
   768 | D:2      | Reached skill level 1 in Transmutations
   768 | D:2      | Reached skill level 1 in Fire Magic
   768 | D:2      | Reached skill level 1 in Ice Magic
   768 | D:2      | Reached skill level 1 in Air Magic
   768 | D:2      | Reached skill level 1 in Earth Magic
   768 | D:2      | Reached skill level 1 in Invocations
   768 | D:2      | Reached skill level 3 in Evocations
   768 | D:2      | Reached skill level 1 in Shapeshifting
   768 | D:2      | Reached XP level 4. HP: 7/35 MP: 8/8
   768 | D:2      | Reached XP level 5. HP: 8/41 MP: 9/9
   984 | D:2      | Noticed Jessica
   995 | D:2      | Killed Jessica
   996 | D:2      | Reached skill level 2 in Invocations
  1193 | D:2      | Reached skill level 3 in Stealth
  1193 | D:2      | Reached XP level 6. HP: 43/47 MP: 9/11
  1220 | D:2      | Identified the +5 leather armour "Umeekaets" {rC- rN+++
                  | Dex+2 Stlth+}
  1896 | D:3      | Found a hazy altar of Hepliaklqana.
  1905 | D:3      | Became a worshipper of Hepliaklqana the Forgotten
  1927 | D:3      | Noticed a great orb of eyes
  1929 | D:3      | Found a faded altar of an unknown god.
  1932 | D:3      | Noticed a golden eye
  1932 | D:3      | Noticed a floating eye
  1932 | D:3      | Noticed a great orb of eyes
  2366 | D:4      | Reached * piety under Hepliaklqana
  2402 | D:4      | Reached skill level 2 in Short Blades
  2402 | D:4      | Reached skill level 2 in Long Blades
  2402 | D:4      | Reached skill level 2 in Axes
  2402 | D:4      | Reached skill level 2 in Maces & Flails
  2402 | D:4      | Reached skill level 2 in Polearms
  2402 | D:4      | Reached skill level 2 in Staves
  2402 | D:4      | Reached skill level 2 in Ranged Weapons
  2402 | D:4      | Reached skill level 2 in Throwing
  2402 | D:4      | Reached skill level 2 in Armour
  2402 | D:4      | Reached skill level 2 in Dodging
  2402 | D:4      | Reached skill level 5 in Shields
  2402 | D:4      | Reached skill level 2 in Unarmed Combat
  2771 | D:4      | Found a staircase to the Ecumenical Temple.
  3138 | D:5      | Entered Level 5 of the Dungeon
  3138 | D:5      | Noticed Edmund
  3140 | D:5      | Noticed a black bear
  3146 | D:5      | Killed Edmund
  3147 | D:5      | Reached XP level 7. HP: 38/46 MP: 12/12
  3154 | D:5      | Reached skill level 2 in Conjurations
  3154 | D:5      | Reached skill level 2 in Hexes
  3154 | D:5      | Reached skill level 2 in Summonings
  3154 | D:5      | Reached skill level 2 in Necromancy
  3154 | D:5      | Reached skill level 2 in Transmutations
  3154 | D:5      | Reached skill level 2 in Fire Magic
  3154 | D:5      | Reached skill level 2 in Ice Magic
  3154 | D:5      | Reached skill level 2 in Air Magic
  3154 | D:5      | Reached skill level 2 in Earth Magic
  3154 | D:5      | Reached skill level 3 in Poison Magic
  3154 | D:5      | Reached skill level 2 in Shapeshifting
  3199 | D:5      | Identified the staff "Tagehoym" {Will+ Conj}
  3218 | D:5      | Reached ** piety under Hepliaklqana
  3219 | D:5      | Remembered your ancestor Leofric as a battlemage
  3224 | D:5      | Reached skill level 3 in Invocations
  3305 | D:5      | Reached skill level 4 in Spellcasting
  3337 | D:5      | Found a stormy altar of Qazlal.
  3374 | D:5      | Reached skill level 6 in Translocations
  3374 | D:5      | Reached XP level 8. HP: 21/54 MP: 14/14
  3524 | D:5      | Reached skill level 4 in Fighting
  3524 | D:5      | Reached skill level 3 in Short Blades
  3524 | D:5      | Reached skill level 3 in Long Blades
  3524 | D:5      | Reached skill level 3 in Axes
  3524 | D:5      | Reached skill level 3 in Maces & Flails
  3524 | D:5      | Reached skill level 3 in Polearms
  3524 | D:5      | Reached skill level 3 in Staves
  3524 | D:5      | Reached skill level 3 in Ranged Weapons
  3524 | D:5      | Reached skill level 3 in Throwing
  3524 | D:5      | Reached skill level 3 in Armour
  3524 | D:5      | Reached skill level 3 in Dodging
  3524 | D:5      | Reached skill level 3 in Unarmed Combat
  3524 | D:5      | Reached skill level 4 in Evocations
  3704 | D:5      | Reached skill level 4 in Stealth
  3994 | D:5      | Found Byloragi's Tremendous Tomes.
  4263 | D:6      | Reached skill level 3 in Conjurations
  4263 | D:6      | Reached skill level 3 in Hexes
  4263 | D:6      | Reached skill level 3 in Summonings
  4263 | D:6      | Reached skill level 3 in Necromancy
  4263 | D:6      | Reached skill level 3 in Transmutations
  4263 | D:6      | Reached skill level 3 in Fire Magic
  4263 | D:6      | Reached skill level 3 in Ice Magic
  4263 | D:6      | Reached skill level 3 in Air Magic
  4263 | D:6      | Reached skill level 3 in Earth Magic
  4263 | D:6      | Reached skill level 4 in Invocations
  4263 | D:6      | Reached skill level 3 in Shapeshifting
  4326 | D:6      | Noticed a kobold demonologist
  4331 | D:6      | Killed a kobold demonologist
  4332 | D:6      | Reached skill level 6 in Shields
  4332 | D:6      | Reached XP level 9. HP: 59/59 MP: 16/16
  4428 | D:6      | Reached skill level 4 in Short Blades
  4428 | D:6      | Reached skill level 4 in Long Blades
  4428 | D:6      | Reached skill level 4 in Axes
  4428 | D:6      | Reached skill level 4 in Maces & Flails
  4428 | D:6      | Reached skill level 4 in Polearms
  4428 | D:6      | Reached skill level 4 in Staves
  4428 | D:6      | Reached skill level 4 in Ranged Weapons
  4428 | D:6      | Reached skill level 4 in Throwing
  4428 | D:6      | Reached skill level 4 in Armour
  4428 | D:6      | Reached skill level 4 in Dodging
  4428 | D:6      | Reached skill level 4 in Unarmed Combat
  4428 | D:6      | Reached skill level 4 in Poison Magic
  4430 | D:6      | Reached skill level 5 in Spellcasting
  4555 | D:6      | Reached *** piety under Hepliaklqana
  4690 | D:6      | Reached skill level 5 in Fighting
  4690 | D:6      | Reached skill level 5 in Evocations
  4967 | D:7      | Reached skill level 5 in Stealth
  5020 | D:7      | Found Paeroy's Overcharged Wands.
  5375 | D:7      | Reached skill level 5 in Invocations
  5689 | D:8      | Found a shimmering altar of Xom.
  5733 | D:8      | Noticed a two-headed ogre
  5736 | D:8      | Reached skill level 4 in Conjurations
  5736 | D:8      | Reached skill level 4 in Hexes
  5736 | D:8      | Reached skill level 4 in Summonings
  5736 | D:8      | Reached skill level 4 in Necromancy
  5736 | D:8      | Reached skill level 4 in Transmutations
  5736 | D:8      | Reached skill level 4 in Fire Magic
  5736 | D:8      | Reached skill level 4 in Ice Magic
  5736 | D:8      | Reached skill level 4 in Air Magic
  5736 | D:8      | Reached skill level 4 in Earth Magic
  5736 | D:8      | Reached skill level 4 in Shapeshifting
  5739 | D:8      | Killed a two-headed ogre
  5740 | D:8      | Reached skill level 5 in Short Blades
  5740 | D:8      | Reached skill level 5 in Long Blades
  5740 | D:8      | Reached skill level 5 in Axes
  5740 | D:8      | Reached skill level 5 in Maces & Flails
  5740 | D:8      | Reached skill level 5 in Polearms
  5740 | D:8      | Reached skill level 5 in Staves
  5740 | D:8      | Reached skill level 5 in Ranged Weapons
  5740 | D:8      | Reached skill level 5 in Throwing
  5740 | D:8      | Reached skill level 5 in Armour
  5740 | D:8      | Reached skill level 5 in Dodging
  5740 | D:8      | Reached skill level 5 in Unarmed Combat
  5740 | D:8      | Reached skill level 7 in Translocations
  5740 | D:8      | Reached XP level 10. HP: 68/68 MP: 18/18
  5754 | D:8      | Reached skill level 7 in Shields
  5819 | D:8      | Reached **** piety under Hepliaklqana
  5933 | D:8      | Found a shimmering altar of Xom.
  5933 | D:8      | Found a shimmering altar of Xom.
  5934 | D:8      | Found a shimmering altar of Xom.
  5935 | D:8      | Found a shimmering altar of Xom.
  5937 | D:8      | Reached skill level 6 in Spellcasting
  6051 | D:8      | Reached skill level 6 in Fighting
  6051 | D:8      | Reached skill level 6 in Evocations
  6074 | D:8      | Found a staircase to the Lair.
  6081 | D:8      | Reached skill level 5 in Poison Magic
  6253 | D:8      | Reached skill level 6 in Stealth
  6253 | D:8      | Reached skill level 6 in Invocations
  6298 | D:8      | Identified a +2 robe of resistance
  6298 | D:8      | Noticed Erica
  6307 | D:8      | Killed Erica
  6789 | D:9      | Found a runed translucent gate.
  6789 | D:9      | Found a runed translucent gate.
  6789 | D:9      | Found a runed translucent gate.
  6790 | D:9      | Noticed a centaur warrior
  6791 | D:9      | Found an opulent altar of Gozag.
  6791 | D:9      | Noticed a deep elf pyromancer
  6855 | D:9      | Noticed Kiciri's ghost (novice OpCj)
  7124 | D:10     | Entered Level 10 of the Dungeon
  7169 | D:10     | Identified a scroll of acquirement
  7169 | D:10     | Acquired a +3 heavy arbalest
  7198 | D:10     | Noticed Fannar
  7200 | D:10     | Killed from afar by Fannar

Vanquished Creatures
  A two-headed ogre (D:8)
  Sigmund (D:2)
  Edmund (D:5)
  2 ice beasts (D:7)
  2 sky beasts (D:8)
  A black bear (D:5)
  A centaur (D:7)
  3 phantoms
  2 gnoll sergeants
  8 wights
  A scorpion (D:6)
  A hound (D:5)
  2 jellies (D:5)
  A gnoll bouda (D:6)
  Jessica (D:2)
  A sleepcap (D:6)
  An iguana (D:5)
  5 orc wizards
  7 gnolls
  6 adders
  A shadow imp (D:7)
  An ufetubus (D:7)
  A worm (D:3)
  4 dart slugs
  24 orcs
  A ball python (D:2)
  7 endoplasms
  2 giant cockroaches
  8 goblins
  5 hobgoblins
  2 quokkas
  5 bats
  3 frilled lizards
  4 kobolds
  8 rats
  A butterfly (D:4)
125 creatures vanquished.

Vanquished Creatures (collateral kills)
  Erica (D:8)
  A kobold demonologist (D:6)
  A komodo dragon (D:8)
  A hornet (D:9)
  A wyvern (D:8)
  2 basilisks (D:8)
  A water moccasin (D:8)
  A swamp drake (D:8)
  2 ice beasts (D:6)
  An orc warrior (D:8)
  An ogre (D:7)
  2 centaurs
  A phantom (D:7)
  A kobold brigand (D:9)
  3 bullfrogs
  2 gnoll sergeants (D:9)
  A scorpion (D:5)
  6 wights
  A howler monkey (D:6)
  2 hounds
  A jelly (D:6)
  An orc priest (D:9)
  A sleepcap (D:6)
  An orc wizard (D:8)
  6 gnolls
  2 adders
  8 orcs
  A giant cockroach (D:4)
  A hobgoblin (D:4)
  A kobold (D:9)
  A butterfly (D:4)
56 creatures vanquished.

Vanquished Creatures (others)
  An ancestor (D:5)
1 creature vanquished.

Grand Total: 182 creatures vanquished

Table legend: (Time is in decaauts)
 A = Elapsed time spent in this place.
 B = Non-inter-level travel time spent in this place.
 C = Inter-level travel time spent in this place.
 D = Time resting spent in this place.
 E = Time spent auto-exploring this place.
 F = Levels seen in this place.
 G = Mean time per level.
                   A        B        C        D        E       F      G
               +--------+--------+--------+--------+--------+-----+--------+
         Total |   7403 |   7214 |    189 |    103 |   5677 |  10 |  740.3 |
       Dungeon |   7403 |   7214 |    189 |    103 |   5677 |  10 |  740.3 |
               +--------+--------+--------+--------+--------+-----+--------+

Top non-repeatable levels by time:
     D:2: 1184 daAuts
     D:5: 918 daAuts
     D:8: 862 daAuts
     D:4: 854 daAuts
     D:7: 851 daAuts
     D:6: 828 daAuts
     D:1: 704 daAuts
     D:9: 682 daAuts
     D:3: 482 daAuts
    D:10: 33 daAuts

Table legend:
 A = Non-vault XP
 B = Vault XP
 C = Vault XP percentage of total XP
 D = Non-vault monster count
 E = Vault monster count
 F = Vault count percentage of total count
                 A         B        C        D         E       F
            +---------+---------+-------+---------+---------+-------
      Total |    6322 |    2774 |  30.5 |     162 |      17 |   9.5
            +---------+---------+-------+---------+---------+-------
        D:1 |      29 |       0 |   0.0 |      18 |       0 |   0.0
        D:2 |      22 |     282 |  92.8 |      11 |       4 |  26.7
        D:3 |      49 |       0 |   0.0 |      20 |       0 |   0.0
        D:4 |     195 |       4 |   2.0 |      17 |       1 |   5.6
        D:5 |     934 |     157 |  14.4 |      18 |       1 |   5.3
        D:6 |    1377 |       0 |   0.0 |      22 |       0 |   0.0
        D:7 |    1068 |       0 |   0.0 |      19 |       0 |   0.0
        D:8 |    1754 |    1931 |  52.4 |      25 |       6 |  19.4
        D:9 |     894 |     400 |  30.9 |      12 |       5 |  29.4
            +---------+---------+-------+---------+---------+-------
